General information
			
			
        
        - name: BNet
 
        - type: Ladder team game (AT/RT)
 
        - host: Battle.net
 
        - saver: HERNANDO
 
        
map: Friends 
        - players: 8
 
        - length: 39:38
 
        - speed: Fast
 - version: 1.21 W3XP
 - replay type:  Public
 
» download(262 KB)
Players
        team 1 (winner) 
              
              
GOKUMAN69 (
yellow | 60 APM | 2366 actions | 39:35)
              
 5 Archmage 
 3 Blizzard
 2 Brilliance Aura
 5 Mountain King 
 3 Storm Bolt
 2 Bash
 5 Paladin 
 3 Holy Light
 2 Divine Shield
 
                » actions 
                
                | Assign group hotkey | 2 |  | 
| Basic commands | 2 |  | 
| Build / train | 144 |  | 
| Enter build submenu | 100 |  | 
| Enter hero's abilities submenu | 15 |  | 
| Give item / drop item | 4 |  | 
| Right click | 1024 |  | 
| Select / deselect | 739 |  | 
| Select group hotkey | 1 |  | 
| Use ability | 334 |  | 
                2366 total
 » units 
                
                | Peasant | 30 |  | 
| Goblin Zeppelin | 1 |  | 
| Goblin Shredder | 1 |  | 
                32 total
 » upgrades
                
                | Masonry | 3 |  | 
| Lumber Harvesting | 2 |  | 
| Magic Sentry | 1 |  | 
| Sorceress Training | 1 |  | 
                7 total
 » buildings
                
                | Lumber Mill | 1 |  | 
| Altar of Kings | 1 |  | 
| Farm | 3 |  | 
| Scout Tower | 178 |  | 
| Guard Tower | 48 |  | 
| Arcane Tower | 4 |  | 
| Keep | 1 |  | 
| Town Hall | 3 |  | 
| Castle | 1 |  | 
| Arcane Sanctum | 1 |  | 
                241 total
 » build order
                00:24 Lumber Mill
00:29 Altar of Kings
00:44 Farm
00:59 Farm
01:25 Scout Tower
01:35 Scout Tower
01:53 Scout Tower
02:11 Scout Tower
02:21 Guard Tower
02:28 Scout Tower
02:40 Arcane Tower
02:40 Arcane Tower
02:52 Scout Tower
02:56 Scout Tower
02:58 Scout Tower
03:00 Scout Tower
03:01 Scout Tower
03:02 Scout Tower
03:47 Scout Tower
03:48 Guard Tower
04:08 Scout Tower
04:10 Scout Tower
04:15 Guard Tower
04:17 Scout Tower
04:23 Guard Tower
04:25 Keep
04:51 Scout Tower
04:51 Guard Tower
05:44 Scout Tower
05:45 Guard Tower
05:49 Scout Tower
05:53 Scout Tower
05:57 Scout Tower
06:15 Guard Tower
06:37 Farm
07:36 Town Hall
07:53 Scout Tower
07:53 Scout Tower
07:56 Scout Tower
07:57 Scout Tower
08:03 Castle
08:05 Scout Tower
08:22 Guard Tower
09:51 Scout Tower
10:01 Guard Tower
10:03 Scout Tower
10:03 Scout Tower
10:04 Scout Tower
10:13 Guard Tower
10:15 Scout Tower
10:16 Scout Tower
10:17 Scout Tower
10:18 Scout Tower
10:19 Scout Tower
10:21 Scout Tower
10:21 Scout Tower
10:44 Scout Tower
10:49 Arcane Sanctum
12:22 Guard Tower
13:35 Guard Tower
13:39 Guard Tower
13:41 Scout Tower
13:43 Scout Tower
13:44 Scout Tower
14:15 Guard Tower
14:23 Scout Tower
16:20 Scout Tower
16:21 Scout Tower
16:22 Scout Tower
16:29 Guard Tower
16:30 Scout Tower
16:36 Scout Tower
16:37 Scout Tower
16:39 Scout Tower
16:40 Scout Tower
16:42 Scout Tower
16:50 Scout Tower
16:51 Guard Tower
16:52 Scout Tower
16:54 Scout Tower
17:12 Scout Tower
17:13 Scout Tower
17:14 Scout Tower
17:14 Scout Tower
17:15 Guard Tower
17:25 Arcane Tower
17:28 Scout Tower
17:29 Guard Tower
18:27 Scout Tower
18:28 Guard Tower
18:31 Guard Tower
19:07 Arcane Tower
19:09 Scout Tower
19:10 Scout Tower
19:12 Scout Tower
19:12 Scout Tower
19:14 Scout Tower
19:15 Scout Tower
19:16 Scout Tower
19:16 Scout Tower
19:17 Scout Tower
19:17 Scout Tower
19:18 Guard Tower
19:19 Scout Tower
19:20 Scout Tower
20:23 Scout Tower
20:24 Scout Tower
20:25 Scout Tower
20:25 Scout Tower
20:26 Scout Tower
20:27 Scout Tower
20:28 Scout Tower
20:28 Scout Tower
20:29 Scout Tower
20:29 Scout Tower
20:31 Scout Tower
20:31 Scout Tower
20:32 Scout Tower
20:32 Scout Tower
20:51 Guard Tower
20:51 Guard Tower
24:12 Guard Tower
24:14 Scout Tower
24:16 Scout Tower
24:17 Scout Tower
24:18 Scout Tower
24:19 Scout Tower
24:19 Scout Tower
24:24 Scout Tower
24:25 Guard Tower
24:55 Scout Tower
24:56 Guard Tower
24:58 Scout Tower
25:00 Scout Tower
25:02 Scout Tower
25:02 Scout Tower
25:03 Guard Tower
25:03 Guard Tower
25:03 Guard Tower
25:05 Scout Tower
25:25 Guard Tower
25:26 Scout Tower
25:28 Scout Tower
25:28 Scout Tower
25:41 Guard Tower
25:49 Scout Tower
27:02 Scout Tower
27:03 Scout Tower
27:05 Scout Tower
27:05 Scout Tower
27:06 Scout Tower
27:07 Scout Tower
27:08 Scout Tower
27:09 Scout Tower
27:29 Guard Tower
27:30 Scout Tower
27:31 Scout Tower
27:33 Scout Tower
27:34 Scout Tower
27:50 Guard Tower
27:53 Town Hall
27:55 Scout Tower
28:08 Scout Tower
29:01 Guard Tower
29:11 Guard Tower
29:19 Scout Tower
29:19 Scout Tower
29:20 Scout Tower
29:21 Scout Tower
29:21 Scout Tower
29:22 Scout Tower
29:22 Scout Tower
29:23 Scout Tower
29:24 Scout Tower
29:24 Scout Tower
29:25 Scout Tower
29:28 Scout Tower
29:46 Scout Tower
29:48 Scout Tower
30:22 Scout Tower
30:24 Scout Tower
30:25 Scout Tower
31:13 Guard Tower
31:16 Town Hall
31:17 Scout Tower
31:18 Scout Tower
31:19 Scout Tower
31:20 Scout Tower
31:21 Scout Tower
31:22 Scout Tower
31:22 Scout Tower
31:27 Guard Tower
31:28 Scout Tower
31:30 Scout Tower
31:31 Scout Tower
31:32 Scout Tower
31:33 Scout Tower
31:37 Scout Tower
31:39 Scout Tower
31:41 Scout Tower
31:42 Scout Tower
31:42 Scout Tower
31:43 Scout Tower
31:44 Scout Tower
31:45 Scout Tower
31:46 Scout Tower
31:46 Scout Tower
31:47 Scout Tower
31:47 Scout Tower
31:48 Scout Tower
31:49 Scout Tower
31:50 Scout Tower
31:50 Scout Tower
31:51 Scout Tower
31:51 Scout Tower
31:53 Scout Tower
31:54 Scout Tower
31:54 Scout Tower
31:55 Scout Tower
31:55 Scout Tower
31:56 Scout Tower
31:57 Scout Tower
31:58 Guard Tower
32:28 Guard Tower
33:03 Guard Tower
33:04 Scout Tower
33:22 Scout Tower
33:23 Guard Tower
33:34 Guard Tower
33:36 Scout Tower
35:01 Guard Tower
35:03 Guard Tower
35:34 Scout Tower
35:34 Guard Tower
36:09 Scout Tower
36:10 Guard Tower
36:38 Guard Tower
36:43 Scout Tower
36:43 Scout Tower
36:44 Guard Tower
» items
                
                | Lesser Clarity Potion | 4 |  | 
| Scroll of Speed | 1 |  | 
| Healing Salve | 6 |  | 
| Inferno Stone | 2 |  | 
| Amulet of the Wild | 3 |  | 
| Orb of Lightning | 3 |  | 
| Potion of Healing | 1 |  | 
| Potion of Mana | 1 |  | 
| Tiny Great Hall | 2 |  | 
| Scroll of Town Portal | 2 |  | 
| Sobi Mask | 1 |  | 
| Mana Stone | 1 |  | 
                27 total
  
               
              
              
HERNANDO (
orange | 37 APM | 1479 actions | 39:38)
              
 5 Warden 
 3 Shadow Strike
 2 Blink
 2 Pandaren Brewmaster 
 1 Drunken Haze
 1 Breath of Fire
 
                » actions 
                
                | Assign group hotkey | 6 |  | 
| Basic commands | 65 |  | 
| Build / train | 83 |  | 
| Enter build submenu | 27 |  | 
| Enter hero's abilities submenu | 7 |  | 
| Remove unit from queue | 1 |  | 
| Right click | 768 |  | 
| Select / deselect | 339 |  | 
| Select group hotkey | 94 |  | 
| Use ability | 88 |  | 
                1479 total
 » units 
                
                | Wisp | 47 |  | 
| Chimaera | 5 |  | 
| Goblin Shredder | 1 |  | 
| Goblin Zeppelin | 1 |  | 
                54 total
 » upgrades
                
                | Well Spring | 1 |  | 
| Corrosive Breath | 1 |  | 
| Strength of the Wild | 3 |  | 
| Reinforced Hides | 3 |  | 
| Nature's Blessing | 1 |  | 
| Ultravision | 1 |  | 
| Druid of the Talon Training | 2 |  | 
| Mark of the Talon | 1 |  | 
| Backpack | 1 |  | 
                14 total
 » buildings
                
                | Altar of Elders | 1 |  | 
| Moon Well | 19 |  | 
| Tree of Ages | 1 |  | 
| Ancient of Wonders | 1 |  | 
| Hunter's Hall | 1 |  | 
| Tree of Life | 4 |  | 
| Ancient of Wind | 1 |  | 
| Tree of Eternity | 1 |  | 
| Chimaera Roost | 2 |  | 
| Ancient of War | 1 |  | 
                32 total
 » build order
                00:07 Altar of Elders
00:21 Moon Well
01:50 Moon Well
02:04 Moon Well
04:01 Moon Well
04:04 Moon Well
05:56 Tree of Ages
06:01 Moon Well
07:19 Ancient of Wonders
08:07 Moon Well
08:11 Hunter's Hall
08:40 Tree of Life
09:02 Moon Well
09:12 Ancient of Wind
09:48 Tree of Eternity
12:15 Chimaera Roost
12:16 Chimaera Roost
17:12 Ancient of War
20:17 Tree of Life
22:59 Moon Well
23:01 Moon Well
23:05 Moon Well
23:12 Moon Well
23:13 Moon Well
23:15 Moon Well
23:16 Moon Well
23:16 Moon Well
23:18 Moon Well
23:19 Moon Well
23:20 Moon Well
36:31 Tree of Life
36:49 Tree of Life
» items
                
                | Demonic Figurine | 1 |  | 
| Scroll of Town Portal | 1 |  | 
| Orb of Venom | 1 |  | 
                3 total
  
               
              
              
Iceberg-Slim (
red | 87 APM | 3458 actions | 39:35)
              
 6 Blademaster 
 3 Wind Walk
 2 Critical Strike
 1 Bladestorm
 5 Goblin Alchemist 
 3 Chemical Rage
 2 Acid Bomb
 4 Dark Ranger 
 2 Silence
 2 Life Drain
 
                » actions 
                
                | Assign group hotkey | 16 |  | 
| Basic commands | 123 |  | 
| Build / train | 70 |  | 
| ESC pressed | 1 |  | 
| Enter build submenu | 114 |  | 
| Enter hero's abilities submenu | 15 |  | 
| Give item / drop item | 1 |  | 
| Right click | 1621 |  | 
| Select / deselect | 660 |  | 
| Select group hotkey | 606 |  | 
| Use ability | 231 |  | 
                3458 total
 » units 
                » upgrades
                
                | Ranged Weapons | 3 |  | 
| Armor | 3 |  | 
| Liquid Fire | 1 |  | 
| Reinforced Defenses | 1 |  | 
| Spiked Barricades | 2 |  | 
                10 total
 » buildings
                
                | Altar of Storms | 1 |  | 
| Orc Burrow | 7 |  | 
| War Mill | 3 |  | 
| Watch Tower | 98 |  | 
| Voodoo Lounge | 2 |  | 
| Stronghold | 1 |  | 
| Beastiary | 3 |  | 
| Fortress | 1 |  | 
| Great Hall | 3 |  | 
                119 total
 » build order
                00:08 Altar of Storms
00:20 Orc Burrow
00:40 War Mill
01:27 Orc Burrow
01:53 Watch Tower
01:57 Watch Tower
02:12 Watch Tower
02:40 Watch Tower
02:51 Watch Tower
03:07 Watch Tower
03:24 Watch Tower
03:28 Voodoo Lounge
03:33 Stronghold
03:46 Watch Tower
04:14 Watch Tower
04:19 War Mill
04:22 Watch Tower
04:36 Watch Tower
04:41 Watch Tower
05:42 Watch Tower
05:45 Watch Tower
05:59 Orc Burrow
06:05 Watch Tower
06:29 Watch Tower
06:51 Watch Tower
06:53 Watch Tower
07:11 Watch Tower
07:15 Watch Tower
07:38 Watch Tower
07:55 Watch Tower
07:58 Watch Tower
08:01 Beastiary
08:10 Fortress
08:20 Watch Tower
08:27 Watch Tower
08:47 Watch Tower
09:00 Watch Tower
09:02 Watch Tower
09:28 Watch Tower
09:31 Beastiary
09:39 Watch Tower
09:57 Watch Tower
10:08 Watch Tower
10:11 Watch Tower
10:49 Watch Tower
10:57 Watch Tower
11:32 Beastiary
11:58 Watch Tower
12:49 Orc Burrow
13:19 Watch Tower
13:21 Watch Tower
13:35 Great Hall
13:55 Orc Burrow
14:27 Watch Tower
14:32 Watch Tower
14:39 Watch Tower
15:58 Watch Tower
16:00 Watch Tower
16:03 Watch Tower
16:06 Orc Burrow
16:49 Watch Tower
17:07 Watch Tower
17:13 Watch Tower
17:20 Watch Tower
18:08 Watch Tower
18:12 Watch Tower
18:16 Watch Tower
18:24 Watch Tower
19:02 Watch Tower
19:21 Watch Tower
19:38 Watch Tower
19:42 Watch Tower
20:25 Watch Tower
20:31 Orc Burrow
20:35 Watch Tower
20:48 Watch Tower
20:55 Watch Tower
22:25 Watch Tower
22:28 Watch Tower
22:36 War Mill
22:43 Watch Tower
23:33 Watch Tower
24:05 Watch Tower
24:42 Watch Tower
25:13 Watch Tower
26:48 Watch Tower
27:12 Watch Tower
27:54 Watch Tower
28:19 Watch Tower
29:48 Watch Tower
29:55 Watch Tower
30:27 Voodoo Lounge
30:53 Watch Tower
31:11 Watch Tower
32:01 Watch Tower
32:39 Watch Tower
32:41 Watch Tower
32:45 Watch Tower
33:07 Watch Tower
33:12 Watch Tower
33:13 Watch Tower
33:14 Watch Tower
33:47 Watch Tower
34:58 Watch Tower
35:00 Watch Tower
35:59 Watch Tower
36:06 Great Hall
36:19 Great Hall
36:30 Watch Tower
36:38 Watch Tower
38:10 Watch Tower
38:11 Watch Tower
38:12 Watch Tower
38:13 Watch Tower
38:15 Watch Tower
38:16 Watch Tower
38:17 Watch Tower
38:17 Watch Tower
38:19 Watch Tower
» items
                
                | Healing Salve | 1 |  | 
| Lesser Clarity Potion | 2 |  | 
| Scroll of Speed | 2 |  | 
| Orb of Lightning | 2 |  | 
| Scourge Bone Chimes | 1 |  | 
| Boots of Quel'Thalas +6 | 5 |  | 
| The Lion Horn of Stormwind | 1 |  | 
| Runed Bracers | 1 |  | 
| Sobi Mask | 1 |  | 
                16 total
  
               
              
              
kurrel (
green | 53 APM | 2088 actions | 39:35)
              
 5 Blademaster 
 2 Wind Walk
 3 Critical Strike
 
                » actions 
                
                | Basic commands | 26 |  | 
| Build / train | 62 |  | 
| Enter build submenu | 184 |  | 
| Enter hero's abilities submenu | 5 |  | 
| Give item / drop item | 3 |  | 
| Remove unit from queue | 1 |  | 
| Right click | 1012 |  | 
| Select / deselect | 530 |  | 
| Use ability | 264 |  | 
                2088 total
 » units 
                
                | Peon | 24 |  | 
| Troll Batrider | 6 |  | 
| Goblin Shredder | 3 |  | 
                33 total
 » upgrades
                
                | Ranged Weapons | 3 |  | 
| Spiked Barricades | 3 |  | 
| Armor | 3 |  | 
| Reinforced Defenses | 1 |  | 
| Liquid Fire | 1 |  | 
                11 total
 » buildings
                
                | Orc Burrow | 3 |  | 
| Altar of Storms | 1 |  | 
| War Mill | 1 |  | 
| Watch Tower | 166 |  | 
| Voodoo Lounge | 1 |  | 
| Stronghold | 1 |  | 
| Great Hall | 1 |  | 
| Fortress | 1 |  | 
| Beastiary | 2 |  | 
                177 total
 » build order
                00:04 Orc Burrow
00:06 Altar of Storms
00:39 War Mill
01:21 Orc Burrow
02:11 Watch Tower
03:49 Watch Tower
04:01 Watch Tower
04:28 Watch Tower
04:43 Voodoo Lounge
04:51 Watch Tower
05:00 Watch Tower
05:04 Watch Tower
05:05 Watch Tower
05:34 Watch Tower
05:47 Watch Tower
05:48 Watch Tower
06:05 Watch Tower
06:07 Watch Tower
06:12 Stronghold
06:40 Watch Tower
06:50 Watch Tower
07:33 Watch Tower
07:35 Watch Tower
07:47 Watch Tower
07:51 Watch Tower
08:02 Watch Tower
09:46 Watch Tower
09:49 Watch Tower
09:56 Great Hall
10:44 Orc Burrow
10:49 Watch Tower
10:51 Watch Tower
11:09 Watch Tower
11:11 Watch Tower
11:12 Watch Tower
11:15 Watch Tower
11:18 Watch Tower
12:00 Watch Tower
12:04 Watch Tower
12:07 Watch Tower
12:11 Watch Tower
12:20 Watch Tower
13:36 Fortress
13:40 Watch Tower
13:42 Watch Tower
13:45 Watch Tower
13:49 Watch Tower
13:53 Watch Tower
14:25 Watch Tower
16:22 Watch Tower
16:23 Watch Tower
16:25 Watch Tower
16:30 Watch Tower
16:32 Watch Tower
16:36 Watch Tower
16:38 Watch Tower
16:40 Watch Tower
17:01 Beastiary
17:05 Beastiary
17:29 Watch Tower
17:31 Watch Tower
17:34 Watch Tower
17:41 Watch Tower
17:44 Watch Tower
17:46 Watch Tower
17:47 Watch Tower
18:25 Watch Tower
18:45 Watch Tower
18:50 Watch Tower
19:02 Watch Tower
19:07 Watch Tower
19:09 Watch Tower
19:10 Watch Tower
19:12 Watch Tower
19:47 Watch Tower
19:54 Watch Tower
20:51 Watch Tower
22:07 Watch Tower
22:47 Watch Tower
22:50 Watch Tower
22:52 Watch Tower
22:55 Watch Tower
23:00 Watch Tower
23:03 Watch Tower
23:05 Watch Tower
23:07 Watch Tower
23:12 Watch Tower
23:16 Watch Tower
23:52 Watch Tower
24:57 Watch Tower
25:01 Watch Tower
25:03 Watch Tower
25:04 Watch Tower
25:07 Watch Tower
25:11 Watch Tower
25:13 Watch Tower
26:19 Watch Tower
26:21 Watch Tower
26:23 Watch Tower
26:32 Watch Tower
26:36 Watch Tower
26:38 Watch Tower
26:40 Watch Tower
26:41 Watch Tower
27:28 Watch Tower
27:30 Watch Tower
27:34 Watch Tower
27:36 Watch Tower
27:45 Watch Tower
27:47 Watch Tower
27:48 Watch Tower
27:51 Watch Tower
28:34 Watch Tower
28:35 Watch Tower
28:39 Watch Tower
28:41 Watch Tower
29:18 Watch Tower
29:20 Watch Tower
29:24 Watch Tower
29:26 Watch Tower
29:38 Watch Tower
29:40 Watch Tower
30:02 Watch Tower
30:04 Watch Tower
31:04 Watch Tower
31:06 Watch Tower
31:08 Watch Tower
31:09 Watch Tower
31:36 Watch Tower
31:45 Watch Tower
31:50 Watch Tower
32:26 Watch Tower
32:30 Watch Tower
32:32 Watch Tower
32:40 Watch Tower
32:49 Watch Tower
32:51 Watch Tower
32:58 Watch Tower
33:20 Watch Tower
33:46 Watch Tower
33:47 Watch Tower
33:49 Watch Tower
34:37 Watch Tower
34:40 Watch Tower
34:42 Watch Tower
34:45 Watch Tower
34:46 Watch Tower
34:49 Watch Tower
34:51 Watch Tower
34:55 Watch Tower
35:01 Watch Tower
35:04 Watch Tower
35:07 Watch Tower
35:48 Watch Tower
35:53 Watch Tower
35:56 Watch Tower
35:59 Watch Tower
36:03 Watch Tower
36:05 Watch Tower
36:08 Watch Tower
36:11 Watch Tower
36:53 Watch Tower
36:56 Watch Tower
37:06 Watch Tower
37:11 Watch Tower
37:14 Watch Tower
37:17 Watch Tower
37:21 Watch Tower
37:23 Watch Tower
39:01 Watch Tower
39:04 Watch Tower
39:07 Watch Tower
39:09 Watch Tower
39:12 Watch Tower
39:18 Watch Tower
39:22 Watch Tower
39:28 Watch Tower
» items
                
                | Healing Salve | 4 |  | 
| Ice Shard | 1 |  | 
| Demonic Figurine | 1 |  | 
| Ankh of Reincarnation | 1 |  | 
| Inferno Stone | 1 |  | 
| Orb of Lightning | 1 |  | 
                9 total
  
               team 2 (loser) 
              
              
Braket-sokz (
purple | 19 APM | 725 actions | 38:27)
              
 2 Paladin 
 1 Holy Light
 1 Divine Shield
 
                » actions 
                
                | Basic commands | 2 |  | 
| Build / train | 84 |  | 
| Enter build submenu | 30 |  | 
| Enter hero's abilities submenu | 2 |  | 
| Remove unit from queue | 4 |  | 
| Right click | 264 |  | 
| Select / deselect | 303 |  | 
| Use ability | 36 |  | 
                725 total
 » units 
                
                | Peasant | 18 |  | 
| Footman | 12 |  | 
| Rifleman | 13 |  | 
| Siege Engine | 5 |  | 
| Gryphon Rider | 6 |  | 
| Mortar Team | 3 |  | 
| Knight | 3 |  | 
| Forest Troll Berserker | 2 |  | 
| Mud Golem | 2 |  | 
| Forest Troll Shadow Priest | 2 |  | 
| Ogre Mauler | 1 |  | 
                67 total
 » upgrades
                
                | Defend | 1 |  | 
| Masonry | 0 |  | 
| Gunpowder | 1 |  | 
| Armor | 1 |  | 
| Fragmentation Shards | 1 |  | 
| Barrage | 1 |  | 
                5 total
 » buildings
                
                | Barracks | 1 |  | 
| Altar of Kings | 1 |  | 
| Farm | 9 |  | 
| Lumber Mill | 1 |  | 
| Scout Tower | 5 |  | 
| Arcane Tower | 2 |  | 
| Blacksmith | 1 |  | 
| Keep | 1 |  | 
| Guard Tower | 1 |  | 
| Gryphon Aviary | 1 |  | 
| Castle | 1 |  | 
| Workshop | 2 |  | 
                26 total
 » build order
                00:16 Barracks
00:20 Altar of Kings
00:54 Farm
01:54 Farm
03:46 Lumber Mill
06:12 Farm
06:58 Scout Tower
07:07 Scout Tower
08:42 Scout Tower
08:49 Arcane Tower
09:07 Blacksmith
09:21 Keep
09:29 Arcane Tower
10:09 Farm
10:38 Farm
11:09 Scout Tower
11:54 Guard Tower
12:02 Gryphon Aviary
13:01 Farm
13:30 Farm
13:37 Castle
13:53 Farm
14:15 Farm
19:28 Workshop
25:05 Scout Tower
33:40 Workshop
 
               
              
              
» 
completenub201 (
teal | 36 APM | 1370 actions | 38:18)
              
 2 Death Knight 
 1 Death Coil
 1 Unholy Aura
 
                » actions 
                
                | Basic commands | 29 |  | 
| Build / train | 68 |  | 
| Enter build submenu | 19 |  | 
| Enter hero's abilities submenu | 2 |  | 
| Right click | 760 |  | 
| Select / deselect | 465 |  | 
| Use ability | 27 |  | 
                1370 total
 » units 
                
                | Acolyte | 12 |  | 
| Ghoul | 5 |  | 
| Crypt Fiend | 17 |  | 
| Meatwagon | 3 |  | 
| Frost Wyrm | 15 |  | 
                52 total
 » upgrades
                
                | Web | 1 |  | 
| Creature Attack | 3 |  | 
| Creature Carapace | 3 |  | 
| Freezing Breath | 1 |  | 
                8 total
 » buildings
                
                | Altar of Darkness | 1 |  | 
| Ziggurat | 9 |  | 
| Crypt | 1 |  | 
| Graveyard | 1 |  | 
| Halls of the Dead | 2 |  | 
| Nerubian Tower | 2 |  | 
| Sacrificial Pit | 1 |  | 
| Black Citadel | 1 |  | 
| Slaughterhouse | 2 |  | 
| Boneyard | 2 |  | 
                22 total
 » build order
                00:29 Altar of Darkness
00:38 Ziggurat
00:56 Crypt
01:34 Ziggurat
02:32 Ziggurat
02:58 Graveyard
04:13 Halls of the Dead
07:04 Nerubian Tower
07:56 Halls of the Dead
08:25 Ziggurat
08:33 Nerubian Tower
09:26 Ziggurat
11:50 Ziggurat
12:21 Sacrificial Pit
17:12 Black Citadel
17:25 Slaughterhouse
17:32 Slaughterhouse
18:32 Ziggurat
20:36 Boneyard
20:40 Boneyard
30:22 Ziggurat
30:26 Ziggurat
 
               
              
              
» 
fatzmcgee (
pink | 27 APM | 1063 actions | 39:00)
              
 4 Dreadlord 
 2 Vampiric Aura
 2 Carrion Swarm
 
                » actions 
                
                | Basic commands | 4 |  | 
| Build / train | 73 |  | 
| Enter build submenu | 34 |  | 
| Enter hero's abilities submenu | 4 |  | 
| Remove unit from queue | 1 |  | 
| Right click | 400 |  | 
| Select / deselect | 514 |  | 
| Use ability | 33 |  | 
                1063 total
 » units 
                
                | Acolyte | 6 |  | 
| Ghoul | 18 |  | 
| Obsidian Statue | 2 |  | 
| Necromancer | 3 |  | 
| Abomination | 5 |  | 
| Meatwagon | 15 |  | 
                49 total
 » upgrades
                
                | Unholy Strength | 3 |  | 
| Unholy Armor | 3 |  | 
| Disease Cloud | 1 |  | 
| Cannibalize | 1 |  | 
| Ghoul Frenzy | 1 |  | 
                9 total
 » buildings
                
                | Altar of Darkness | 1 |  | 
| Crypt | 1 |  | 
| Ziggurat | 9 |  | 
| Graveyard | 2 |  | 
| Tomb of Relics | 1 |  | 
| Nerubian Tower | 4 |  | 
| Halls of the Dead | 1 |  | 
| Spirit Tower | 3 |  | 
| Slaughterhouse | 2 |  | 
| Temple of the Damned | 1 |  | 
| Black Citadel | 1 |  | 
                26 total
 » build order
                00:17 Altar of Darkness
00:22 Crypt
00:52 Ziggurat
01:49 Graveyard
01:52 Ziggurat
02:12 Tomb of Relics
02:33 Nerubian Tower
02:40 Ziggurat
03:14 Graveyard
04:08 Ziggurat
05:11 Nerubian Tower
05:39 Nerubian Tower
06:29 Halls of the Dead
06:51 Ziggurat
07:42 Ziggurat
08:27 Spirit Tower
08:42 Ziggurat
08:43 Spirit Tower
09:04 Slaughterhouse
09:22 Temple of the Damned
09:46 Ziggurat
10:00 Ziggurat
10:09 Black Citadel
18:25 Spirit Tower
18:27 Nerubian Tower
19:17 Slaughterhouse
 
               
              
              
leakey (
blue | 60 APM | 2369 actions | 39:34)
              
 4 Death Knight 
 2 Death Coil
 2 Unholy Aura
 2 Lich 
 1 Frost Nova
 1 Dark Ritual
 1 Crypt Lord 
 1 Impale
 
                » actions 
                
                | Assign group hotkey | 10 |  | 
| Basic commands | 18 |  | 
| Build / train | 85 |  | 
| Enter build submenu | 24 |  | 
| Enter hero's abilities submenu | 7 |  | 
| Right click | 1795 |  | 
| Select / deselect | 347 |  | 
| Select group hotkey | 38 |  | 
| Use ability | 44 |  | 
                2369 total
 » units 
                
                | Acolyte | 11 |  | 
| Ghoul | 24 |  | 
| Obsidian Statue | 14 |  | 
| Frost Wyrm | 3 |  | 
                52 total
 » upgrades
                
                | Ghoul Frenzy | 1 |  | 
| Destroyer Form | 1 |  | 
| Creature Attack | 2 |  | 
| Creature Carapace | 1 |  | 
| Unholy Strength | 2 |  | 
| Unholy Armor | 3 |  | 
| Freezing Breath | 1 |  | 
                11 total
 » buildings
                
                | Graveyard | 1 |  | 
| Ziggurat | 9 |  | 
| Altar of Darkness | 1 |  | 
| Crypt | 1 |  | 
| Halls of the Dead | 1 |  | 
| Nerubian Tower | 1 |  | 
| Spirit Tower | 8 |  | 
| Black Citadel | 1 |  | 
| Slaughterhouse | 2 |  | 
| Tomb of Relics | 1 |  | 
| Sacrificial Pit | 1 |  | 
| Boneyard | 1 |  | 
                28 total
 » build order
                00:09 Graveyard
00:19 Ziggurat
00:42 Altar of Darkness
02:01 Ziggurat
02:15 Crypt
04:18 Halls of the Dead
07:05 Nerubian Tower
07:07 Spirit Tower
08:34 Ziggurat
09:08 Black Citadel
09:30 Ziggurat
09:32 Spirit Tower
10:35 Spirit Tower
11:12 Slaughterhouse
11:22 Slaughterhouse
12:29 Tomb of Relics
12:49 Ziggurat
14:16 Ziggurat
14:24 Spirit Tower
17:50 Ziggurat
17:53 Spirit Tower
18:45 Ziggurat
18:47 Spirit Tower
24:55 Sacrificial Pit
26:56 Boneyard
27:52 Ziggurat
27:55 Spirit Tower
31:15 Spirit Tower
 
                Chat log
          
(01:09 / All) HERNANDO: so how u ugys doin
(01:24 / All) kurrel: afk sry guyz
(01:24 / All) HERNANDO: uglys * ahaha
(04:13 / All) GOKUMAN69: yo bros
(04:22 / All) kurrel: how did u get so good.........
(04:31 / All) HERNANDO: i need some tips if u can offer
(04:35 / All) kurrel: plz
(04:35 / All) completenub201: having a life 
(04:36 / All) HERNANDO: Where do u make the rock man
(04:40 / All) leakey: haha too bad ive been beating my dick
(04:42 / All) completenub201: its tough tho
(04:43 / All) leakey: this whole time
(04:47 / All) leakey: on ur moms face
(04:53 / All) completenub201: lol while playing
(05:00 / All) completenub201: ambidextrious
(05:40 / All) kurrel: have you ever played warcraft 3 before
(05:41 / All) kurrel: ever
(05:49 / All) leakey: no but im doing ur mom lolz
(05:57 / All) kurrel: i c
(06:06 / All) leakey: yeah u better
(06:14 / All) leakey: cause im skeeting in your eye next
(08:25 / All) leakey: carrier has arrived
(08:43 / All) GOKUMAN69: Wrong game
(08:53 / All) leakey: ? srsly?
(08:56 / All) leakey: Ur dumb
(14:29 / All) leakey: U GUYS CANT TOWER LIKE ME
(14:53 / All) kurrel: sup
(17:51 / All) GOKUMAN69: did you guys like that?
(18:00 / All) leakey: YA
(18:02 / All) leakey: THNX FOR XP
(18:09 / All) kurrel: yvw
(19:03 / All) Braket-sokz: hi everyone
(19:07 / All) HERNANDO: hi dudez
(27:11 / All) Braket-sokz: where did these towers come from!!
(27:17 / All) kurrel: i dunno i was afk
(27:20 / All) GOKUMAN69: My peons
(27:24 / All) kurrel: i came back and i wasl ike holy shit towers
(38:27 / All) GOKUMAN69: why/
(38:32 / All) kurrel: wtf no leave
(38:32 / All) HERNANDO: pls dont leave